cohdb
Replays
Latest Replays
All Replays
Popular Replays
Top Player Replays
Match Explorer
How It Works
Community
CoH3 Stats
Reddit
Sign in to upload your games and track your stats! →
Sign in with Steam
Match 45411317
Unlisted
Match 45411317
Overview
Messages
Build Orders
End
Selects Luftwaffe Battlegroup
Selects Luftwaffe Pioneer Support
Fallschirmpioneer Squad Paradrop
Construct Infanterie Kompanie
Construct Infanterie Kompanie
GrW 34 Mortar Team
Fallschirmpioneer Squad Paradrop
Infanterie Officer Quarters
Fallschirmpioneer Squad Paradrop
Selects LG40 Recoilless Gun Paradrop
LG40 Recoilless Gun Paradrop
LG40 Recoilless Gun Paradrop
Construct Luftwaffe Kompanie
Support Elements
Selects Stuka Strafing Run
Stuka Strafing Run
[PD] Ducktus
Lutze
Nico-Nico-Nii~~
=-._.-=MR.Paul=-._.-=
LLDK80
CPU -Easy
Cpt. Orgazmo
[FtB] Plugnkill
0
0
Comments
sign in to comment!
No comments posted yet!